 Dungeon Crawl Stone Soup version 0.31-a0-844-gdc52ec4e09 (webtiles) character file.

Game seed: 3023919216464077759

72 Kurtz the Trooper (level 4, -1/33 HPs)
             Began as an Octopode Fighter on Sept 30, 2023.
             Slain by an ice beast (6 damage)
             ... on level 3 of the Dungeon.
             The game lasted 00:00:44 (1343 turns).

Kurtz the Trooper (Octopode Fighter)                Turns: 1343, Time: 00:00:44

Health: -1/33      AC:  1    Str: 15    XL:     4   Next: 25%
Magic:  4/4        EV: 13    Int: 10    God:
Gold:   107        SH:  4    Dex: 13    Spells: 3/3 levels left

rFire   . . .        a - +0 war axe
rCold   . . .        b - +0 buckler
rNeg    . . .        (helmet restricted)
rPois   .            (no amulet)
rElec   .            (no ring)
rCorr   .            (no ring)
SInv    .            (no ring)
Will    .....        (no ring)
Stlth   ++           (no ring)
HPRegen 0.25/turn    (no ring)
MPRegen 0.09/turn    (no ring)
                     (no ring)

%: no passive effects
@: mighty
A: almost no armour, amphibious, 8 rings, camouflage 1, gelatinous body 1,
(nimble swimmer 1), tentacles
a: no special abilities


You were on level 3 of the Dungeon.
You visited 1 branch of the dungeon, and saw 3 of its levels.

You collected 107 gold pieces.

Inventory:

Hand Weapons
 a - a +0 war axe (weapon)
Missiles
 e - 2 throwing nets
Armour
 b - a +0 buckler (worn)
Scrolls
 d - a scroll of vulnerability {unknown}
 f - 3 scrolls of identify {unknown}
 h - a scroll of blinking {unknown}
 i - a scroll of poison {unknown}
 j - a scroll of summoning {unknown}
 k - 2 scrolls of immolation {unknown}
Potions
 g - a potion of haste {unknown}
 l - a potion of heal wounds {unknown}


   Skills:
 + Level 3.8 Fighting
 * Level 3.6 Axes
 - Level 3.0 Dodging
 - Level 3.0 Shields


You had 3 spell levels left.
You didn't know any spells.
Your spell library was empty.

Dungeon Overview and Level Annotations

Branches:
Dungeon (3/15)

Altars:


Innate Abilities, Weirdness & Mutations

You cannot wear most types of armour.
You are amphibious.
You can wear up to eight rings at the same time.
Your skin changes colour to match your surroundings (Stealth+).
Your rubbery body absorbs attacks. (AC +1, EV +1)
((You are camouflaged when in or above water. (Stealth+)))
You have tentacles for arms and can constrict up to eight enemies at once.


Message History

The gnoll attacks as it pursues you! The gnoll hits you with a +0 whip.
You hit the gnoll. You grab the gnoll.
The gnoll is lightly wounded.
You constrict the gnoll. The gnoll hits you with a +0 whip.
The gnoll barely misses you.
You hit the gnoll.
You squeeze the gnoll, but do no damage.
The gnoll is moderately wounded.
You constrict the gnoll. The gnoll closely misses you.
You are too injured to fight recklessly!
You are too injured to fight recklessly!
You are too injured to fight recklessly!
You slash the gnoll!
You kill the gnoll!
The adder barely misses you.
You feel very mighty all of a sudden. The adder closely misses you.
You barely miss the adder. Your grab misses the adder.
The adder closely misses you. The adder bites you.
You slash the adder! You grab the adder. You squeeze the adder.
You kill the adder!
You have reached level 4!
You barely miss the gnoll. You grab the gnoll. You constrict the gnoll.
The gnoll completely misses you. The gnoll hits you with a +0 club.
* * * LOW HITPOINT WARNING * * *
You hit the gnoll.
The gnoll is heavily wounded.
You constrict the gnoll. You block the gnoll's attack.
Unknown command.
You slash the gnoll!
You kill the gnoll!
The ice beast barely misses you.
You closely miss the ice beast. The ice beast closely misses you.
Unknown command.
You slash the ice beast!
The ice beast is heavily wounded.
The ice beast hits you.
* * * LOW HITPOINT WARNING * * *
The ice beast freezes you.
You die...

................
##.............#
...####..#####.#
#######.######.#
#..............#
#########'#####.########
#...............#
#..........############
+..........'.gY@.......
#..........###########.
+..........#
#..........#
#######Y##### ........#
######Y.# ..... .....###


You could see an ice beast and a gnoll.

Vanquished Creatures
  2 gnolls (D:3)
  2 adders
  5 ball pythons
  A giant cockroach (D:2)
  5 goblins (D:2)
  3 hobgoblins
  2 jackals (D:1)
  A quokka (D:2)
  4 bats
  5 frilled lizards
  2 kobolds
  3 rats
35 creatures vanquished.

Notes
Turn   | Place    | Note
-------+----------+-------------------------------------------
     0 | D:1      | Kurtz the Octopode Fighter began the quest for the Orb.
     0 | D:1      | Reached XP level 1. HP: 16/16 MP: 1/1
   395 | D:1      | Reached XP level 2. HP: 21/21 MP: 2/2
   936 | D:2      | Found a faded altar of an unknown god.
   956 | D:2      | Reached XP level 3. HP: 26/26 MP: 3/3
  1321 | D:3      | Noticed an ice beast
  1339 | D:3      | Reached XP level 4. HP: 14/33 MP: 4/4
  1343 | D:3      | Slain by an ice beast

Illustrated notes

Levels and vault maps discovered:
D:1:      wheals_arrival_shading, layout_loops_corners
D:2:      layout_rooms, shapermc_ecumenical_altar_gd, minmay_diced_spiral
D:3:      layout_basic, hangedman_ru_absence

Skill      XL: |  1  2  3 |
---------------+----------+-----
Axes           | 3 |  3.6
Fighting       | |  3.8
Dodging        | |  3.0
Shields        | |  3.0

Action                     |  1- 3 |  4- 6 || total
---------------------------+-------+-------++-------
  Melee: War axe           |    49 |     5 ||    54
         Constrict         |    14 |     1 ||    15
         Tentacles         |    10 |       ||    10
         Punch             |     1 |       ||     1
    Use: Potion            |     1 |       ||     1
   Stab: Sleeping          |     8 |       ||     8
 Armour: Skin              |    12 |     2 ||    14
  Dodge: Dodged            |    29 |     3 ||    32
  Block: Buckler           |     9 |     1 ||    10

Table legend: (Time is in decaauts)
 A = Elapsed time spent in this place.
 B = Non-inter-level travel time spent in this place.
 C = Inter-level travel time spent in this place.
 D = Time resting spent in this place.
 E = Time spent auto-exploring this place.
 F = Levels seen in this place.
 G = Mean time per level.
                   A        B        C        D        E       F      G
               +--------+--------+--------+--------+--------+-----+--------+
         Total |   1363 |   1310 |     53 |      0 |   1110 |   3 |  454.3 |
       Dungeon |   1363 |   1310 |     53 |      0 |   1110 |   3 |  454.3 |
               +--------+--------+--------+--------+--------+-----+--------+

Top non-repeatable levels by time:
     D:1: 864 daAuts
     D:2: 438 daAuts
     D:3: 60 daAuts
